 Dungeon Crawl Stone Soup version 0.19-a0-856-g54f7fbd (webtiles) character file.

226 MrRokkomies the Grave Robber (level 5, -8/41 HPs)
             Began as a Vampire Necromancer on July 2, 2016.
             Was a Follower of Okawaru.
             Killed from afar by Dowan (17 damage)
             ... with a stone arrow
             ... on level 5 of the Dungeon on July 4, 2016.
             The game lasted 00:17:07 (4568 turns).

MrRokkomies the Grave Robber (Vampire Necromancer)  Turns: 4568, Time: 00:17:08

Health: -8/41      AC:  4    Str:  6 (7)  XL:     5   Next: 69%
Magic:  2/8        EV: 12    Int: 18      God:    Okawaru [*.....]
Gold:   109        SH:  0    Dex: 14 (15) Spells: 3 memorised, 3 levels left

rFire  . . .     SeeInvis +     t - +0 rapier
rCold  + . .     Gourm    .     a - +0 robe
rNeg   + + .     Faith    +     (no shield)
rPois  +         Spirit   .     v - +2 hat
rElec  .         Dismiss  .     (no cloak)
rCorr  +         Reflect  .     (no gloves)
SustAt .         Harm     .     (no boots)
MR     .....                    c - amulet of faith
Stlth  ++........               (no ring)
                                g - ring of resist corrosion

@: regenerating slowly, not resistant to hostile enchantments, unstealthy
A: fangs 3, see invisible, unbreathing
a: Bat Form, Heroism, Renounce Religion


You were on level 5 of the Dungeon.
You worshipped Okawaru.
Okawaru was aware of your devotion.
You were thirsty.

You visited 1 branch of the dungeon, and saw 5 of its levels.

You collected 109 gold pieces.

Inventory:

Hand Weapons
 t - a +0 rapier (weapon)
Armour
 a - a +0 robe (worn)
 v - a +2 hat (worn)
Jewellery
 c - an amulet of faith (around neck)
 g - a ring of resist corrosion (left hand)
 h - an uncursed ring of positive energy
 r - an uncursed ring of flight
 x - an uncursed ring of ice
 y - an uncursed ring of positive energy
Scrolls
 l - 5 scrolls of remove curse
Potions
 e - a potion of flight
Books
 b - a book of Necromancy

   Spells                             Type                      Level
   a - Pain                           Necromancy                   1
   b - Animate Skeleton               Necromancy                   1
   c - Vampiric Draining              Necromancy                   3
   d - Regeneration                   Charms/Necromancy            3
   e - Animate Dead                   Necromancy                   4
   f - Control Undead                 Necromancy                   4


   Skills:
 * Level 3.3 Fighting
 - Level 2.1 Dodging
 - Level 3.0 Stealth
 - Level 2.0 Spellcasting
 * Level 6.3 Necromancy


You had 3 spell levels left.
You knew the following spells:

 Your Spells              Type           Power        Failure   Level  Hunger
a - Pain                  Necr           ###.         1%          1    #......
b - Animate Skeleton      Necr           N/A          1%          1    #......
c - Vampiric Draining     Necr           ###.......   4%          3    ###....


Dungeon Overview and Level Annotations

Branches:
Dungeon (5/15)
 Temple: D:4-7

Altars:
Okawaru
Trog

Annotations:
D:5 Dowan


Innate Abilities, Weirdness & Mutations

You heal slowly.
You have razor-sharp teeth.
You have supernaturally acute eyesight. (SInv)
You can survive without breathing.


Message History

Dowan is heavily wounded.
Dowan gestures wildly while chanting.
Dowan blinks!
Dowan hits you but does no damage.
You hit Dowan but do no damage.
Dowan is heavily wounded.
Dowan hits you but does no damage. Dowan hits you with a dagger.
The crimson imp closely misses you.
You completely miss Dowan.
Dowan is heavily wounded.
Dowan hits you with a dagger.
* * * LOW HITPOINT WARNING * * *
The crimson imp blinks!
You hit Dowan.
Dowan is severely wounded.
Dowan closely misses you. Dowan hits you but does no damage.
You hit Dowan but do no damage.
Dowan is severely wounded.
Dowan casts a spell at you. The stone arrow hits you!
You die...

..##.#.# # #.##.#.# #e
#..#.#.. #..
#..#.##########
...######$.............
...e.....5..>##########
####..h#....#
#.h.#e#..# #...#@#..#
......).#....
###...####.### ......#
#.. .....## .# .....#
.....# ....


You could see Dowan and a crimson imp.

Vanquished Creatures
  Duvessa (D:5)
  A gnoll (D:4)
  3 adders
  An ooze (D:1)
  3 worms
  2 giant geckos (D:2)
  3 orcs
  A giant cockroach (D:3)
  8 goblins
  6 hobgoblins
  13 jackals
  4 kobolds
  A quokka (D:2)
  2 ball pythons
  8 bats
  A giant gecko skeleton (D:5)
  2 giant newts
  12 rats
72 creatures vanquished.

Notes
Turn   | Place    | Note
-------+----------+-------------------------------------------
     0 | D:1      | MrRokkomies the Vampire Necromancer began the quest for the Orb.
     0 | D:1      | Reached XP level 1. HP: 13/13 MP: 3/3
    74 | D:1      | Learned a level 1 spell: Animate Skeleton
   429 | D:1      | Reached XP level 2. HP: 20/20 MP: 5/5
   551 | D:1      | Reached skill level 1 in Fighting
   688 | D:1      | Reached skill level 5 in Necromancy
   876 | D:2      | Reached XP level 3. HP: 5/26 MP: 0/6
  1251 | D:2      | Learned a level 3 spell: Vampiric Draining
  1558 | D:2      | Noticed a moth of wrath
  1561 | D:2      | Found a bloodstained altar of Trog.
  2703 | D:3      | Reached XP level 4. HP: 33/33 MP: 7/7
  3039 | D:3      | Found a faded altar of an unknown god.
  3050 | D:3      | Became a worshipper of Warmaster Okawaru
  3050 | D:3      | Reached * piety under Okawaru
  3838 | D:4      | Noticed an ogre
  4344 | D:5      | Entered Level 5 of the Dungeon
  4515 | D:5      | Noticed Duvessa
  4518 | D:5      | Noticed Dowan
  4544 | D:5      | Killed Duvessa
  4544 | D:5      | Reached skill level 6 in Necromancy
  4544 | D:5      | Reached XP level 5. HP: 27/41 MP: 1/8
  4568 | D:5      | Killed from afar by Dowan

Vault maps used:
D:1:      dpeg_arrival_tiny_a, minmay_tree_intersection, st_stairs_8
D:2:      tgw_trog, first_bread
D:3:      serial_forest, infiniplex_forest_clump_large,
          infiniplex_forest_clump_long, infiniplex_forest_fountain,
          infiniplex_forest_clump_tiny, infiniplex_forest_lined_1,
          infiniplex_forest_straight_2, infiniplex_forest_clump_long,
          infiniplex_forest_straight_2, ecumenical_altar_2
D:4:      st_stairs_11
D:5:      uniq_sigmund, uniq_duvessa

Skill      XL: |  1  2  3  4 |
---------------+-------------+-----
Fighting       | 1 2 3 |  3.3
Necromancy     | 5 6 |  6.3
Dodging        | |  2.1
Stealth        | |  3.0
Spellcasting   | |  2.0

Action                   |  1- 3 |  4- 6 || total
-------------------------+-------+-------++-------
Melee: Short sword       |    91 |       ||    91
       Bite              |     9 |    11 ||    20
       Rapier            |    40 |    99 ||   139
       Punch             |       |     1 ||     1
 Cast: Pain              |    14 |    17 ||    31
       Animate Skeleton  |     8 |       ||     8
       Vampiric Draining |     4 |     9 ||    13
Invok: Heroism           |       |     1 ||     1
 Abil: End Transformatio |       |     1 ||     1
       Bat Form          |       |     1 ||     1
  Use: Scroll            |       |    13 ||    13
       Potion            |       |     7 ||     7
 Stab: Sleeping          |    12 |     1 ||    13
       Distracted        |     1 |       ||     1
  Eat: Corpse            |     3 |     5 ||     8
Armor: Robe              |    24 |    32 ||    56
Dodge: Dodged            |    91 |   134 ||   225
